 Dungeon Crawl Stone Soup version 0.28-a0-233-gb8ca4b6547 (webtiles) character file.

Game seed: 5207718955466889096

195 Archison the Magician (level 5, 0/24 HPs)
             Began as a Spriggan Conjurer on Aug 22, 2021.
             Slain by Grinder (3 damage)
             ... on level 4 of the Dungeon.
             The game lasted 00:10:57 (4488 turns).

Archison the Magician (Spriggan Conjurer)           Turns: 4488, Time: 00:10:58

Health: 0/24       AC:  2    Str:  9    XL:     5   Next: 45%
Magic:  1/12       EV: 17    Int: 20    God:
Gold:   90         SH:  0    Dex: 14    Spells: 12/13 levels left

rFire   + . .      SeeInvis +   k - +0 dagger
rCold   x . .      Faith    .   (shield restricted)
rNeg    . . .      Spirit   .   a - +0 robe
rPois   .          Reflect  .   (helmet restricted)
rElec   .          Harm     .   (no cloak)
rCorr   .          Rampage  .   (gloves unavailable)
Will    .....                   (boots unavailable)
Stlth   +++.......              (no amulet)
HPRegen 0.08/turn               e - +6 ring of strength
MPRegen 0.13/turn               i - ring of fire

@: very quick
A: very small, no large weapons, unfitting armour, see invisible, speed 3
a: no special abilities


You were on level 4 of the Dungeon.
You visited 1 branch of the dungeon, and saw 4 of its levels.

You collected 90 gold pieces.

Inventory:

Hand Weapons
 k - a +0 dagger (weapon)
Missiles
 b - 8 arrows
 n - 53 stones
Armour
 a - a +0 robe (worn)
Jewellery
 e - a +6 ring of strength (left hand)
 i - a ring of fire (right hand)
Scrolls
 g - a scroll of vulnerability {unknown}
 h - a scroll of teleportation {unknown}
 j - 3 scrolls of noise {unknown}
 m - a scroll of identify {unknown}
Potions
 c - 2 potions of attraction {unknown}
 d - a potion of flight {unknown}
 f - 2 potions of curing {unknown}
 l - 2 potions of heal wounds {unknown}
 o - a potion of lignification {unknown}


   Skills:
 + Level 3.2 Dodging
 + Level 4.0 Stealth
 - Level 0.1 Unarmed Combat
 * Level 4.6 Spellcasting
 * Level 4.1 Conjurations


You had 12 spell levels left.
You knew the following spells:

 Your Spells              Type           Power      Damage    Failure   Level
a - Magic Dart            Conj           84%        1d7       2%          1

Your spell library contained the following spells:

 Spells                   Type           Power      Damage    Failure   Level
 Searing Ray              Conj           42%        3d4       3%          2
 Dazzling Flash           Conj/Hex       24%        N/A       16%         3
 Corpse Rot               Necr/Air       N/A        N/A       19%         2
 Fulminant Prism          Conj/Hex       6%         3d7       45%         4
 Iskenderun's Mystic Bla  Conj/Tloc      12%        2d5       45%         4
 Dispel Undead            Necr           4%         3d7       77%         4
 Death Channel            Necr           2%         N/A       100%        6


Dungeon Overview and Level Annotations

Branches:
Dungeon (4/15)
 Temple: D:4-7

Altars:
Cheibriados
Fedhas

Annotations:
D:4 Grinder


Innate Abilities, Weirdness & Mutations

You are very small and have problems with some larger weapons.
You are too small for most types of armour.
You have supernaturally acute eyesight. (SInv)
You cover ground extremely quickly. (Speed+++)


Message History

Press: ? - help, Shift-Dir - straight line, f/p - Grinder
Aim: Grinder (almost dead, 100% to hit)
The magic dart hits Grinder but does no damage.
Grinder is almost dead.
Grinder gestures at you. You resist with some effort.
Unknown command.
Casting: Magic Dart (safe; 2% risk of failure)
Confirm with . or Enter, or press ? or * to list all spells.
Aiming: Magic Dart (safe; 2% risk of failure)
Press: ? - help, Shift-Dir - straight line, f/p - Grinder
Aim: Grinder (almost dead, 100% to hit)
The magic dart hits Grinder but does no damage.
Grinder is almost dead.
Grinder hits you.
Casting: Magic Dart (safe; 2% risk of failure)
Confirm with . or Enter, or press ? or * to list all spells.
Aiming: Magic Dart (safe; 2% risk of failure)
Press: ? - help, Shift-Dir - straight line, f/p - Grinder
Aim: Grinder (almost dead, 100% to hit)
The magic dart hits Grinder but does no damage.
Grinder is almost dead.
Grinder says, "I used to sell toenails on the black market."
Grinder gestures at you.
You suddenly lose the ability to move!
Grinder gestures at you. Pain shoots through your body!
Grinder hits you but does no damage. Grinder hits you.
You writhe in agony.
You can move again.
You hit Grinder but do no damage.
Grinder is almost dead.
Grinder says, "Tell me all your secrets, or I'll kill you."
Grinder closely misses you.
You hit Grinder.
Grinder is almost dead.
Grinder hits you.
* * * LOW HITPOINT WARNING * * *
You writhe in agony.
You die...

#.###.###.......
#.# #.# .......
#.###'# .......
#.###_+ .......
##.###'# .......
#..# #.# ...#...
#..###.###....##.
#....5........
#..#.@........ #.
##.#.......
..####.... .$..
#... ..... ...
##.#..# .. ##...#
...#


You could see Grinder.

Vanquished Creatures
  An orc priest (D:2)
  3 gnolls (D:2)
  5 adders
  2 worms
  3 dart slugs
  9 orcs
  7 ball pythons
  6 endoplasms
  3 giant cockroaches
  4 goblins
  4 hobgoblins
  6 kobolds
  A quokka (D:1)
  11 bats
  5 frilled lizards
  A kobold skeleton (D:4)
  5 rats
76 creatures vanquished.

Notes
Turn   | Place    | Note
-------+----------+-------------------------------------------
     0 | D:1      | Archison the Spriggan Conjurer began the quest for the Orb.
     0 | D:1      | Reached XP level 1. HP: 9/9 MP: 5/5
   316 | D:1      | Reached XP level 2. HP: 5/13 MP: 1/6
  1337 | D:1      | Found a faded altar of an unknown god.
  1497 | D:1      | Reached XP level 3. HP: 16/16 MP: 4/8
  2331 | D:2      | Reached XP level 4. HP: 21/21 MP: 1/10
  3190 | D:2      | Reached XP level 5. HP: 18/24 MP: 5/12
  3979 | D:3      | Found a blossoming altar of Fedhas.
  4449 | D:4      | Noticed Grinder
  4458 | D:4      | Found a snail-covered altar of Cheibriados.
  4483 | D:4      | Paralysed by Grinder for 4 turns
  4488 | D:4      | Slain by Grinder

Illustrated notes

Levels and vault maps discovered:
D:1:      lemuel_arrival_broad_hall, layout_basic,
          hellmonk_ecumenical_altar_crossroads
D:2:      layout_basic, kennysheep_pointless_box, minmay_distorted
D:3:      layout_basic, mainiacjoe_overflow_alcove_4, lightli_temple_of_fire
D:4:      layout_cave_pods, lemuel_doored_altar, nicolae_tso_besieged_by_evil,
          kennysheep_minor_cross, minmay_misc_feat_secret_circle, uniq_grinder

Skill      XL: |  1  2  3  4  5 |
---------------+----------------+-----
Conjurations   | 3 4 |  4.1
Spellcasting   | 3 4 |  4.6
Dodging        | 3 |  3.2
Stealth        | 4 |  4.0
Unarmed Combat | |  0.1

Action                   |  1- 3 |  4- 6 || total
-------------------------+-------+-------++-------
Melee: Unarmed           |    20 |     2 ||    22
       Dagger            |       |    24 ||    24
 Cast: Magic Dart        |   110 |   109 ||   219
Armor: Robe              |    11 |     4 ||    15
Dodge: Dodged            |    36 |    33 ||    69

Table legend: (Time is in decaauts)
 A = Elapsed time spent in this place.
 B = Non-inter-level travel time spent in this place.
 C = Inter-level travel time spent in this place.
 D = Time resting spent in this place.
 E = Time spent auto-exploring this place.
 F = Levels seen in this place.
 G = Mean time per level.
                   A        B        C        D        E       F      G
               +--------+--------+--------+--------+--------+-----+--------+
         Total |   3760 |   3714 |     46 |   1724 |   1302 |   4 |  940.0 |
       Dungeon |   3760 |   3714 |     46 |   1724 |   1302 |   4 |  940.0 |
               +--------+--------+--------+--------+--------+-----+--------+

Top non-repeatable levels by time:
     D:1: 1537 daAuts
     D:2: 1226 daAuts
     D:3: 691 daAuts
     D:4: 304 daAuts
